 Dungeon Crawl Stone Soup version 0.31-a0-214-gb37851dbb3 (webtiles) character file.

Game seed: 11804048688987835549

185999 qw the Slayer (level 17, 0/173 HPs)
             Began as a Minotaur Hexslinger on July 1, 2023.
             Was an Elder of Okawaru.
             Slain by a culicivora (5 damage)
             ... led by a jorogumo
             ... on level 4 of the Spider Nest.
             The game lasted 00:13:59 (27093 turns).

qw the Slayer (Minotaur Hexslinger)                Turns: 27093, Time: 00:14:00

Health: 0/173      AC: 22    Str: 14    XL:     17   Next: 83%
Magic:  19/23      EV: 38    Int: 10    God:    Okawaru [****..]
Gold:   2026       SH:  0    Dex: 28    Spells: 17/18 levels left

rFire   + + +        c - +6 hand crossbow of Spontaneous Combustion {speed, rElec rF+ Dex+2}
rCold   + . .        (no shield)
rNeg    . . .        s - +3 swamp dragon scales
rPois   +            (helmet restricted)
rElec   +            i - scarf {rC+ rF+}
rCorr   .            j - +2 pair of gloves
SInv    .            y - +1 pair of boots of the Bouncing Bounties {rF+ Will++}
Will    +++..        w - amulet of faith
Stlth   +++          m - +6 ring of dexterity
HPRegen 0.48/turn    q - +5 ring of evasion
MPRegen 0.18/turn

%: faith
@: about to teleport, heroic, finesse-ful
A: horns 2, retaliatory headbutt
a: Renounce Religion, Heroism, Finesse


You were on level 4 of the Spider Nest.
You worshipped Okawaru.
Okawaru was greatly pleased with you.
You visited 5 branches of the dungeon, and saw 29 of its levels.
You visited the Abyss 1 time.

You collected 2904 gold pieces.
You spent 878 gold pieces at shops.


Innate Abilities, Weirdness & Mutations

You have a pair of horns on your head.
You reflexively headbutt those who attack you in melee.


   Skills:
 - Level 21.0(26.0) Fighting
 - Level 18.0(23.0) Ranged Weapons
 - Level 14.0(19.0) Armour
 + Level 18.3(23.3) Dodging
 - Level 1.0 Spellcasting
 - Level 2.0 Hexes
 - Level 10.0 Invocations


You had 17 spell levels left.
You knew the following spells:

 Your Spells              Type           Power      Damage    Failure   Level
a - Slow                  Hex            16%        N/A       22%         1

Your spell library contained the following spells:

 Spells                   Type           Power      Damage    Failure   Level
 Inner Flame              Hex/Fire       2%         N/A       71%         3
 Portal Projectile        Hex/Tloc       4%         N/A       71%         3
 Cause Fear               Hex            2%         N/A       92%         4

Inventory:

Hand Weapons
 c - the +6 hand crossbow of Spontaneous Combustion (weapon) {speed, rElec rF+ Dex+2}
   (You acquired it on level 1 of the Dungeon)

   Dex:       It affects your dexterity (+2).
   rF:        It protects you from fire.
   rElec:     It insulates you from electricity.
Armour
 i - a scarf of resistance (worn)
 j - a +2 pair of gloves (worn)
 n - a +2 pair of boots
 r - a +1 cloak
 s - +3 swamp dragon scales (worn)
 y - the +1 pair of boots of the Bouncing Bounties (worn) {rF+ Will++}
   (Okawaru gifted it to you on level 15 of the Dungeon)

   rF:        It protects you from fire.
   Will:      It greatly increases your willpower.
 B - the scarf of Youthful Indiscretion {harm, rPois Will+ Dex+4}
   (Okawaru gifted it to you on level 3 of the Spider Nest)

   Dex:       It affects your dexterity (+4).
   rPois:     It protects you from poison.
   Will:      It increases your willpower.
 C - a +2 robe of resistance
Jewellery
 m - a +6 ring of dexterity (left hand)
 p - a ring of wizardry
 q - a +5 ring of evasion (right hand)
 t - the ring of Pragmatism {rF+ rC+ Will+ Int+3}
   (You acquired it on level 2 of the Lair of Beasts)

   [ring of willpower]

   Int:       It affects your intelligence (+3).
   rF:        It protects you from fire.
   rC:        It protects you from cold.
   Will:      It increases your willpower.
 w - an amulet of faith (around neck)
 x - an amulet of regeneration
 z - the ring of Hiripsel {rElec rF+ rN+ Int+6}
   (You acquired it on level 1 of the Shoals)

   [ring of intelligence]

   Int:       It affects your intelligence (+6).
   rF:        It protects you from fire.
   rElec:     It insulates you from electricity.
   rN:        It protects you from negative energy.
Wands
 k - a wand of digging (8)
Scrolls
 f - a scroll of enchant weapon
 g - 9 scrolls of identify
 h - 2 scrolls of brand weapon
 o - 9 scrolls of teleportation
Potions
 a - 6 potions of curing
 b - 9 potions of mutation
 d - 4 potions of enlightenment
 e - 4 potions of magic
 l - 2 potions of cancellation
 v - 4 potions of might
 A - 4 potions of haste

Dungeon Overview and Level Annotations

Branches:
Dungeon (15/15)            Temple (0/1) D:7            Lair (5/5) D:8
 Shoals (3/4) Lair:3       Spider (4/4) Lair:2        Slime (0/5) Lair:5
    Orc (2/2) D:11            Elf (0/3) Orc:2        Vaults (0/5) D:13
 Depths (0/4) D:15

Altars:
Dithmenos
Elyvilon
Okawaru
Sif Muna
Wu Jian
Xom
Jiyva

Shops:
D:3 ?   D:4 (   D:7 =   D:10 :   D:15 (   Orc:2 *([*

Annotations:
D:1 1 runed translucent door
D:5 1 runed translucent door, Crazy Yiuf
Lair:1 1 runed translucent door, qw's ghost, journeyman GrFi
Lair:5 2 runed translucent doors


Message History

The moth of wrath barely misses you.
The boulder beetle completely misses you.
You shoot a bolt.
The bolt closely misses the moth of wrath.
The bolt hits the demonic crawler!!
The demonic crawler is moderately wounded.
The redback barely misses you. You furiously retaliate!
You headbutt the redback! The pharaoh ant completely misses you.
You furiously retaliate!
You headbutt the pharaoh ant! The redback closely misses you.
You furiously retaliate!
You headbutt the redback!
The radroach bites you but does no damage.
The radroach misses you. The culicivora completely misses you.
The meliai completely misses you. You furiously retaliate!
You headbutt the meliai! The meliai barely misses you.
You shoot a bolt. The bolt hits the pharaoh ant.
The pharaoh ant is almost destroyed.
The boulder beetle completely misses you.
You furiously retaliate!
You headbutt the boulder beetle.
The moth of wrath goads the culicivora on!
The culicivora goes berserk!
The redback completely misses you.
You shoot a bolt. The bolt hits the pharaoh ant!
You destroy the pharaoh ant!
Okawaru accepts your kill.
The pharaoh ant binds the souls of nearby monsters.
The redback completely misses you. You furiously retaliate!
You headbutt the redback. The meliai completely misses you.
The meliai stings you but does no damage.
The meliai calls down the wrath of its god upon you.
Something smites you! The culicivora completely misses you.
The radroach misses you. You furiously retaliate!
You headbutt the radroach.
The radroach claws you but does no damage.
You shoot a bolt. The bolt closely misses the meliai.
The bolt closely misses the orb spider.
The redback closely misses you.
The boulder beetle bites you but does no damage.
You shoot a bolt. The bolt hits the meliai.
The meliai is severely wounded.
The culicivora bites you.
You die...

#.....^....# ..#
#..##...#..# #..^.
##........###^....
#....^..%.# ..#..^
#^......####......
#...^...s#^.s.#...
#.##.#^...y.^....^
###......yssy..#.#
#.....sB@ys.....
#.....#sBs..$..^
#.#.....yy...^.#
#####......##^##
#......# #
#.....## #.....^
#..#.##


You could see a radroach (berserk, soul bound), a boulder beetle (berserk, soul
bound), a demonic crawler, 2 moths of wrath, 2 orb spiders, 2 culicivoras, a
jumping spider (soul bound), 2 redbacks and 4 meliai.

Vanquished Creatures
  Mara (Shoals:3)
  A kraken (Shoals:1)
  Polyphemus (Shoals:3)
  Kirke (Shoals:3)
  Agnes (Spider:1)
  Roxanne (D:15)
  Ilsuiw (Shoals:3)
  Donald (Shoals:1)
  2 emperor scorpions
  A caustic shrike zombie (D:15)
  2 ghost moths
  2 orc warlords
  4 broodmothers
  2 spark wasps
  An ettin (Orc:2)
  A merfolk javelineer (Shoals:3)
  3 entropy weavers
  4 merfolk impalers (Shoals:3)
  8 hydras
  Erolcha (D:13)
  3 jorogumos
  4 vault guards (D:13)
  3 catoblepae
  A radroach (Spider:2)
  3 merfolk aquamancers
  11 centaur warriors
  A death knight (D:15)
  3 merfolk avatars
  5 boulder beetles
  7 death yaks
  10 demonic crawlers
  3 tengu warriors
  4 two-headed ogres
  Urug (Lair:4)
  A storm dragon zombie (D:15)
  3 skysharks
  2 fire crabs (Lair:5)
  Amaemon (Lair:2)
  4 pharaoh ants
  2 sun moths
  A skeletal warrior (D:15)
  8 orb spiders
  4 sea snakes
  2 flayed ghosts
  5 steelbarb worms
  Pikel (D:8)
  19 harpies
  2 phantasmal warriors
  A necromancer (D:15)
  5 fauns
  2 deep elf pyromancers
  An oklob plant (Lair:5)
  3 orc knights (Orc:2)
  11 cyclopes
  2 frost giant zombies (D:15)
  19 wolf spiders
  An orc sorcerer (D:13)
  6 ugly things
  11 manticores
  7 moths of wrath
  A water nymph (shapeshifter) (D:14)
  9 merfolk sirens
  3 black mambas
  14 elephants
  2 molten gargoyles (Lair:5)
  Maurice (D:8)
  2 water nymphs
  An orange demon (Lair:2)
  10 cane toads
  Maggie (Lair:1)
  2 gargoyles
  An efreet (D:13)
  2 unseen horrors (D:13)
  8 torpor snails
  15 komodo dragons
  A kobold demonologist (D:7)
  A guardian mummy (D:15)
  A yaktaur (D:15)
  2 freezing wraiths (D:15)
  A tengu conjurer (D:14)
  8 trolls
  A queen bee (shapeshifter) (D:13)
  2 wind drakes (Shoals:3)
  A hornet (D:10)
  16 merfolk
  3 polar bears
  15 tarantellas
  Prince Ribbit (D:7)
  3 blink frogs (Lair:5)
  3 snapping turtles
  3 slime creatures
  7 dream sheep
  29 jumping spiders
  Sigmund (D:5)
  16 culicivoras
  5 wraiths (D:13)
  4 shadows
  A vampire (D:12)
  47 yaks
  9 water elementals
  8 wyverns
  7 basilisks
  3 hogs (Shoals:3)
  4 humans (Shoals:3)
  4 steam dragons
  32 redbacks
  8 vampire mosquitoes
  An acid dragon (D:10)
  A two-headed ogre zombie (D:11)
  A warg (Orc:2)
  4 hell hounds (Lair:5)
  7 water moccasins
  3 sky beasts
  4 black bears
  An ice beast (D:7)
  46 orc warriors
  11 ogres
  19 wolves
  15 centaurs
  3 phantoms
  A lemure (D:8)
  A kobold brigand (D:7)
  13 bullfrogs
  3 gnoll sergeants
  6 scorpions
  3 wights (D:8)
  4 troll zombies (D:11)
  9 killer bees
  3 howler monkeys
  9 electric eels
  5 lava snakes (Lair:5)
  6 hounds
  A jelly (D:5)
  A gnoll bouda (D:9)
  12 orc priests
  2 sleepcaps
  4 iguanas
  Terence (D:2)
  25 orc wizards
  3 ogre zombies (D:11)
  19 gnolls
  2 adders
  3 shadow imps
  2 white imps
  An ufetubus (D:4)
  4 worms
  3 dart slugs
  83 orcs
  9 ball pythons
  5 endoplasms
  4 giant cockroaches
  9 goblins
  5 hobgoblins
  6 jackals
  4 bats
  3 frilled lizards
  A goblin skeleton (D:11)
  A goblin zombie (D:11)
  A hobgoblin skeleton (D:11)
  4 hobgoblin zombies (D:11)
  10 kobolds
  An orc skeleton (D:11)
  17 orc zombies (D:11)
  3 rats
  3 tentacles (Shoals:1)
972 creatures vanquished.

Vanquished Creatures (others)
  A harpy (Shoals:3)
  9 tentacles (Shoals:1)
10 creatures vanquished.

Grand Total: 982 creatures vanquished

Notes
Turn   | Place    | Note
-------+----------+-------------------------------------------
     0 | D:1      | qw the Minotaur Hexslinger began the quest for the Orb.
     0 | D:1      | Reached XP level 1. HP: 16/16 MP: 1/1
     0 | D:1      | 0 ||| qw: Version: 0.3-a-32-g5962c71
     0 | D:1      | 0 ||| qw: Game counter: 7628
     0 | D:1      | 0 ||| qw: Melee chars always use a shield: true
     0 | D:1      | 0 ||| qw: God list: Okawaru
     0 | D:1      | 0 ||| qw: Allow faded altars: false
     0 | D:1      | 0 ||| qw: Do Orc after clearing Dungeon:15 true
     0 | D:1      | 0 ||| qw: Do second Lair branch before Depths: true
     0 | D:1      | 0 ||| qw: Lair rune preference: random
     0 | D:1      | 0 ||| qw: Goals: Normal
     0 | D:1      | 0 ||| PLANNING D:1-11
     1 | D:1      | Found a runed translucent door.
    91 | D:1      | Reached skill level 3 in Ranged Weapons
    92 | D:1      | Reached XP level 2. HP: 23/23 MP: 2/2
   279 | D:1      | Reached skill level 2 in Fighting
   296 | D:1      | Found a faded altar of an unknown god.
   454 | D:1      | Reached XP level 3. HP: 29/29 MP: 3/3
   683 | D:1      | 683 ||| UPGRADING to +0 leather armour.
   693 | D:1      | 693 ||| DROPPING +0 robe.
   694 | D:1      | 694 ||| UPGRADING to ring of protection from fire.
   695 | D:1      | 695 ||| UPGRADING to +5 ring of evasion.
   696 | D:1      | 696 ||| READING 2 scrolls labelled SIJEXA KAQOWN.
   697 | D:1      | 697 ||| READING scroll labelled TENEURCHIFUE.
   698 | D:1      | 698 ||| READING scroll labelled SOASTR PUOMANK.
   698 | D:1      | Identified a scroll of acquirement
   698 | D:1      | 698 ||| ACQUIRING +6 hand crossbow of Spontaneous
                  | Combustion {speed, rElec rF+ Dex+2}
   698 | D:1      | Acquired the +6 hand crossbow of Spontaneous Combustion
                  | {speed, rElec rF+ Dex+2}
   700 | D:1      | 700 ||| SWAPPING to +6 hand crossbow of Spontaneous
                  | Combustion {speed, rElec rF+ Dex+2}.
   701 | D:1      | 701 ||| DROPPING +1 sling.
   702 | D:1      | 702 ||| READING scroll labelled HEOCUI CORAME.
   703 | D:1      | 703 ||| DROPPING scroll of blinking.
   704 | D:1      | 704 ||| DROPPING scroll of poison.
   759 | D:2      | Noticed Terence
   763 | D:2      | Killed Terence
   764 | D:2      | Reached XP level 4. HP: 36/36 MP: 4/4
  1064 | D:2      | 1064 ||| READING 2 scrolls labelled YSEECLIBEH.
  1065 | D:2      | 1065 ||| READING scroll labelled DAYDATZUKHLO.
  1066 | D:2      | 1066 ||| READING scroll labelled UCKIQARUUTT.
  1116 | D:3      | Noticed a black bear
  1121 | D:3      | Killed a black bear
  1122 | D:3      | Reached XP level 5. HP: 41/41 MP: 5/5
  1223 | D:3      | Found an ornate altar of the Wu Jian Council.
  1359 | D:3      | Found an iron altar of Okawaru.
  1360 | D:3      | 1360 ||| PLANNING OKAWARU WORSHIP
  1360 | D:3      | 1360 ||| READING 3 scrolls labelled JEUMIU PESOUMEDD.
  1361 | D:3      | 1361 ||| READING scroll labelled YNUDOVVAJUS.
  1364 | D:3      | 1364 ||| DROPPING 2 scrolls of vulnerability.
  1413 | D:3      | Became a worshipper of Warmaster Okawaru
  1414 | D:3      | 1414 ||| PLANNING D:1-11
  1599 | D:3      | Reached skill level 3 in Fighting
  1603 | D:3      | Reached skill level 6 in Ranged Weapons
  1699 | D:3      | Found Giteon's Magic Scroll Shoppe.
  1704 | D:3      | 1704 ||| BUYING scroll of enchant armour (90 gold).
  1704 | D:3      | Bought a scroll of enchant armour for 90 gold pieces
  1704 | D:3      | 1704 ||| SHOPLISTING scroll of enchant weapon (90 gold,
                  | have 70).
  1704 | D:3      | 1704 ||| BUYING scroll of identify (24 gold).
  1704 | D:3      | Bought a scroll of identify for 24 gold pieces
  1704 | D:3      | 1704 ||| BUYING scroll of teleportation (36 gold).
  1704 | D:3      | Bought a scroll of teleportation for 36 gold pieces
  1704 | D:3      | 1704 ||| SHOPLISTING scroll of teleportation (36 gold, have
                  | 10).
  1904 | D:3      | 1904 ||| UPGRADING to +0 ring mail.
  1914 | D:3      | 1914 ||| DROPPING +0 leather armour.
  1915 | D:3      | 1915 ||| DROPPING ring of fire.
  1916 | D:3      | 1916 ||| UPGRADING to +6 ring of dexterity.
  1918 | D:3      | 1918 ||| READING 2 scrolls labelled CYSMAT DEFF.
  1919 | D:3      | 1919 ||| READING 2 scrolls of identify.
  1919 | D:3      | 1919 ||| IDENTIFYING blue potion
  1920 | D:3      | 1920 ||| DROPPING scroll of immolation.
  2070 | D:4      | Reached skill level 1 in Armour
  2072 | D:4      | Noticed an ogre
  2076 | D:4      | Killed an ogre
  2077 | D:4      | Reached skill level 4 in Fighting
  2077 | D:4      | Reached XP level 6. HP: 53/53 MP: 6/6
  2369 | D:4      | Found Suleh's Weapon Shoppe.
  2374 | D:4      | 2374 ||| DROPPING ring of ice.
  2558 | D:4      | 2558 ||| UPGRADING to amulet of the acrobat.
  2563 | D:4      | 2563 ||| DROPPING ring of resist corrosion.
  2564 | D:4      | 2564 ||| READING scroll labelled QIFROS AGO LUR.
  2575 | D:5      | Entered Level 5 of the Dungeon
  2628 | D:5      | Reached skill level 3 in Dodging
  2628 | D:5      | Reached XP level 7. HP: 60/60 MP: 7/7
  2636 | D:5      | Reached * piety under Okawaru
  2655 | D:5      | Noticed Sigmund
  2656 | D:5      | 2656 ||| INVOKING Heroism.
  2665 | D:5      | Killed Sigmund
  2751 | D:5      | 2751 ||| INVOKING Heroism.
  2752 | D:5      | 2752 ||| INVOKING Heroism.
  2756 | D:5      | Reached skill level 1 in Invocations
  2914 | D:5      | 2914 ||| Stepping ~*~*~tactically~*~*~ (outnumbered).
  2916 | D:5      | 2916 ||| Stepping ~*~*~tactically~*~*~ (outnumbered).
  2921 | D:5      | Reached skill level 5 in Fighting
  2957 | D:5      | Found a shimmering blue altar of Sif Muna.
  3149 | D:5      | Found a runed translucent door.
  3150 | D:5      | Noticed Crazy Yiuf
  3295 | D:5      | 3295 ||| DROPPING ring of flight.
  3401 | D:6      | 3401 ||| INVOKING Heroism.
  3403 | D:6      | Reached XP level 8. HP: 68/68 MP: 5/9
  3593 | D:6      | 3593 ||| INVOKING Heroism.
  3596 | D:6      | Reached skill level 3 in Invocations
  3646 | D:6      | 3646 ||| INVOKING Heroism.
  3647 | D:6      | 3647 ||| Stepping ~*~*~tactically~*~*~ (outnumbered).
  3679 | D:6      | Reached skill level 9 in Ranged Weapons
  3685 | D:6      | Noticed a gargoyle
  3686 | D:6      | 3686 ||| FLEEEEING.
  3812 | D:6      | Killed a gargoyle
  3814 | D:6      | 3814 ||| INVOKING Heroism.
  3821 | D:6      | Reached XP level 9. HP: 68/75 MP: 8/11
  3842 | D:6      | 3842 ||| INVOKING Heroism.
  3843 | D:6      | 3843 ||| Stepping ~*~*~tactically~*~*~ (water).
  3849 | D:6      | Reached skill level 6 in Fighting
  3958 | D:6      | Reached ** piety under Okawaru
  3961 | D:6      | 3961 ||| INVOKING Heroism.
  4253 | D:6      | 4253 ||| UPGRADING to +0 pair of gloves.
  4258 | D:6      | 4258 ||| UPGRADING to +0 ring mail of poison resistance.
  4268 | D:6      | 4268 ||| DROPPING +0 ring mail.
  4269 | D:6      | 4269 ||| READING 2 scrolls of enchant armour.
  4269 | D:6      | 4269 ||| ENCHANTING +0 pair of gloves.
  4270 | D:6      | 4270 ||| READING scroll of enchant armour.
  4270 | D:6      | 4270 ||| ENCHANTING +1 pair of gloves.
  4271 | D:6      | 4271 ||| READING scroll labelled KUXYME NYCSEEGG.
  4372 | D:6      | 4372 ||| DRINKING 2 fizzy emerald potions.
  4477 | D:6      | 4477 ||| DROPPING potion of berserk rage.
  4564 | D:7      | Found a staircase to the Ecumenical Temple.
  4636 | D:7      | Reached skill level 7 in Fighting
  4730 | D:7      | 4730 ||| INVOKING Heroism.
  4731 | D:7      | Noticed Prince Ribbit
  4746 | D:7      | Killed Prince Ribbit
  4753 | D:7      | Found Panuhag's Jewellery Shoppe.
  4762 | D:7      | 4762 ||| SHOPLISTING amulet "Wiyn Utann" {*Slow rElec rPois
                  | Regen+} (596 gold, have 225).
  4762 | D:7      | 4762 ||| SHOPLISTING amulet of reflection (420 gold, have
                  | 225).
  4770 | D:7      | 4770 ||| INVOKING Heroism.
  4909 | D:7      | Noticed a kobold demonologist
  4920 | D:7      | Killed a kobold demonologist
  5218 | D:7      | 5218 ||| UPGRADING to +2 pair of boots.
  5256 | D:8      | Noticed Pikel
  5257 | D:8      | 5257 ||| INVOKING Heroism.
  5262 | D:8      | Killed Pikel
  5263 | D:8      | Reached skill level 12 in Ranged Weapons
  5263 | D:8      | Reached XP level 10. HP: 86/86 MP: 9/12
  5266 | D:8      | Reached *** piety under Okawaru
  5273 | D:8      | Reached skill level 6 in Dodging
  5331 | D:8      | 5331 ||| READING scroll labelled KISHRA HANUMEITOUPP.
  5347 | D:8      | 5347 ||| INVOKING Heroism.
  5387 | D:8      | 5387 ||| INVOKING Heroism.
  5450 | D:7      | 5450 ||| PLANNING LAIR
  5496 | D:8      | 5496 ||| FLEEEEING.
  5497 | D:8      | 5497 ||| FLEEEEING.
  5498 | D:8      | 5498 ||| FLEEEEING.
  5499 | D:8      | 5499 ||| INVOKING Heroism.
  5502 | D:8      | Reached skill level 8 in Fighting
  5510 | D:8      | Noticed Maurice
  5516 | D:8      | Killed Maurice
  5550 | D:8      | 5550 ||| INVOKING Heroism.
  5584 | D:8      | Reached skill level 9 in Fighting
  5602 | D:8      | Found a staircase to the Lair.
  5606 | D:8      | 5606 ||| UPGRADING to +0 cloak.
  5612 | Lair:1   | Entered Level 1 of the Lair of Beasts
  5617 | Lair:1   | 5617 ||| STAIRDANCE
  5647 | Lair:1   | Noticed Maggie
  5651 | Lair:1   | Noticed a torpor snail
  5652 | Lair:1   | 5652 ||| INVOKING Heroism.
  5657 | Lair:1   | Killed Maggie
  5657 | Lair:1   | Reached **** piety under Okawaru
  5660 | Lair:1   | Killed a torpor snail
  5661 | Lair:1   | Reached XP level 11. HP: 92/97 MP: 11/13
  5680 | Lair:1   | 5680 ||| STAIRDANCE
  5760 | Lair:1   | 5760 ||| INVOKING Heroism.
  5864 | Lair:1   | 5864 ||| FLEEEEING.
  5867 | Lair:1   | 5867 ||| INVOKING Heroism.
  5880 | Lair:1   | Reached skill level 6 in Invocations
  5881 | Lair:1   | Reached ***** piety under Okawaru
  5950 | Lair:1   | Found a runed translucent door.
  6006 | Lair:1   | 6006 ||| READING scroll of enchant armour.
  6006 | Lair:1   | 6006 ||| ENCHANTING +0 cloak.
  6426 | Lair:1   | Found a shimmering altar of Xom.
  6426 | Lair:1   | Noticed a +0 quarterstaff of chaos
  6427 | Lair:1   | Noticed qw's ghost (journeyman GrFi)
  6560 | Lair:1   | 6560 ||| UPGRADING to +0 swamp dragon scales.
  6570 | Lair:1   | 6570 ||| DROPPING +0 ring mail of poison resistance.
  6571 | Lair:1   | 6571 ||| READING 2 scrolls labelled IBOWIZ TURIN.
  6702 | Lair:1   | 6702 ||| DROPPING scroll of torment.
  6738 | Lair:2   | Noticed Amaemon
  6739 | Lair:2   | 6739 ||| INVOKING Heroism.
  6746 | Lair:2   | Killed Amaemon
  6791 | Lair:2   | Reached skill level 6 in Armour
  6800 | Lair:2   | Reached skill level 10 in Fighting
  6871 | Lair:2   | 6871 ||| READING scroll of acquirement.
  6871 | Lair:2   | 6871 ||| ACQUIRING ring of Pragmatism {rF+ rC+ Will+ Int+3}
  6871 | Lair:2   | Acquired the ring of Pragmatism {rF+ rC+ Will+ Int+3}
  6873 | Lair:2   | 6873 ||| DROPPING ring of protection from fire.
  6914 | Lair:2   | 6914 ||| INVOKING Heroism.
  6929 | Lair:2   | Found a hole to the Spider Nest.
  6954 | Lair:2   | 6954 ||| INVOKING Heroism.
  6959 | Lair:2   | Identified the +3 chain mail "Oveteavu" {rElec Stlth+}
                  | (Okawaru gifted it to you on level 2 of the Lair of Beasts)
  6959 | Lair:2   | Received a gift from Okawaru
  6973 | Lair:2   | 6973 ||| INVOKING Heroism.
  6974 | Lair:2   | 6974 ||| UPGRADING to ring of Pragmatism {rF+ rC+ Will+
                  | Int+3}.
  6976 | Lair:2   | 6976 ||| DRINKING 2 sedimented white potions.
  6977 | Lair:2   | 6977 ||| DROPPING potion of brilliance.
  6985 | Lair:2   | 6985 ||| INVOKING Heroism.
  7503 | Lair:2   | 7503 ||| DROPPING ring of poison resistance.
  7504 | Lair:2   | 7504 ||| DRINKING 2 glowing coppery potions.
  7505 | Lair:2   | 7505 ||| DROPPING potion of attraction.
  7535 | Lair:3   | 7535 ||| INVOKING Heroism.
  7578 | Lair:3   | Noticed a catoblepas
  7579 | Lair:3   | 7579 ||| INVOKING Heroism.
  7585 | Lair:3   | Killed a catoblepas
  7586 | Lair:3   | Reached XP level 12. HP: 106/106 MP: 14/17
  7704 | Lair:3   | Found a staircase to the Shoals.
  7709 | Lair:3   | Reached skill level 9 in Invocations
  7720 | Lair:3   | Noticed a five-headed hydra
  7722 | Lair:3   | 7722 ||| INVOKING Heroism.
  7726 | Lair:3   | Killed a five-headed hydra
  7854 | Lair:3   | 7854 ||| INVOKING Heroism.
  7879 | Lair:3   | Found a shimmering altar of Xom.
  7882 | Lair:3   | Reached skill level 15 in Ranged Weapons
  8004 | Lair:3   | 8004 ||| INVOKING Heroism.
  8319 | Lair:3   | 8319 ||| READING 2 scrolls of identify.
  8319 | Lair:3   | 8319 ||| IDENTIFYING murky silvery potion
  8330 | Lair:4   | Noticed a death yak
  8330 | Lair:4   | Noticed a death yak
  8330 | Lair:4   | Noticed a death yak
  8331 | Lair:4   | 8331 ||| PLANNING GAUNTLET
  8331 | Lair:4   | 8331 ||| INVOKING Heroism.
  8333 | Lair:4   | Noticed a death yak
  8333 | Lair:4   | Noticed a death yak
  8337 | Lair:4   | Killed a death yak
  8341 | Lair:4   | Killed a death yak
  8348 | Lair:4   | Killed a death yak
  8349 | Lair:4   | 8349 ||| STAIRDANCE
  8351 | Lair:3   | HP: 26/106 [yak[a torpor snail] (6)]
  8352 | Lair:3   | 8352 ||| READING 4 scrolls of teleportation.
  8554 | Lair:3   | 8554 ||| INVOKING Heroism.
  8618 | Lair:4   | Noticed a five-headed hydra
  8619 | Lair:4   | 8619 ||| INVOKING Heroism.
  8632 | Lair:4   | Killed a five-headed hydra
  8764 | Lair:4   | 8764 ||| FLEEEEING.
  8767 | Lair:4   | 8767 ||| INVOKING Heroism.
  8788 | Lair:4   | 8788 ||| RIP GAUNTLET
  8789 | Lair:4   | 8789 ||| PLANNING LAIR
  8796 | Lair:4   | 8796 ||| INVOKING Heroism.
  8817 | Lair:4   | Noticed Urug
  8818 | Lair:4   | 8818 ||| INVOKING Heroism.
  8825 | Lair:4   | Killed Urug
  8826 | Lair:4   | Reached skill level 9 in Dodging
  9065 | Lair:4   | Reached XP level 13. HP: 114/114 MP: 19/19
  9108 | Lair:4   | Reached skill level 11 in Fighting
  9449 | Lair:4   | 9449 ||| DROPPING +1 robe of positive energy.
  9450 | Lair:4   | 9450 ||| UPGRADING to scarf of resistance.
  9460 | Lair:4   | 9460 ||| DROPPING amulet of guardian spirit.
  9461 | Lair:4   | 9461 ||| UPGRADING to +5 ring of evasion.
  9463 | Lair:4   | 9463 ||| READING scroll labelled RAUSIUTEAN.
  9464 | Lair:4   | 9464 ||| DRINKING 2 black potions.
  9496 | Lair:5   | Entered Level 5 of the Lair of Beasts
  9512 | Lair:5   | 9512 ||| INVOKING Heroism.
  9569 | Lair:5   | Received a gift from Okawaru
  9628 | Lair:5   | Received a gift from Okawaru
  9629 | Lair:5   | 9629 ||| Stepping ~*~*~tactically~*~*~ (cloud).
  9677 | Lair:5   | 9677 ||| INVOKING Heroism.
  9782 | Lair:5   | 9782 ||| INVOKING Heroism.
  9789 | Lair:5   | Received a gift from Okawaru
  9811 | Lair:5   | Reached skill level 18 in Ranged Weapons
  9828 | Lair:5   | 9828 ||| Stepping ~*~*~tactically~*~*~ (outnumbered).
  9848 | Lair:5   | Found a large runed translucent door.
  9848 | Lair:5   | Found a large runed translucent door.
  9909 | Lair:5   | Noticed a fire dragon
  9949 | Lair:5   | Found a viscous altar of Jiyva.
  9951 | Lair:5   | Found a staircase to the Slime Pits.
  9952 | Lair:5   | 9952 ||| INVOKING Heroism.
  9953 | Lair:5   | 9953 ||| INVOKING Finesse.
 10126 | Lair:5   | Reached skill level 12 in Fighting
 10128 | Lair:5   | 10128 ||| INVOKING Heroism.
 10158 | Lair:5   | 10158 ||| INVOKING Finesse.
 10258 | Lair:5   | 10258 ||| INVOKING Heroism.
 10752 | Lair:5   | 10752 ||| PLANNING D:1-11
 10752 | Lair:5   | 10752 ||| READING 2 scrolls of identify.
 10752 | Lair:5   | 10752 ||| IDENTIFYING silvery potion
 10753 | Lair:5   | 10753 ||| DROPPING potion of ambrosia.
 10846 | Lair:3   | 10846 ||| INVOKING Heroism.
 10847 | Lair:3   | 10847 ||| INVOKING Finesse.
 11265 | D:8      | 11265 ||| READING scroll labelled LAGEMI USHYEH.
 11266 | D:8      | 11266 ||| READING 2 scrolls of identify.
 11266 | D:8      | 11266 ||| IDENTIFYING white potion
 11546 | D:9      | 11546 ||| Stepping ~*~*~tactically~*~*~ (outnumbered).
 11950 | D:9      | Found a shadowy altar of Dithmenos.
 11952 | D:9      | 11952 ||| DRINKING 2 brown potions.
 11970 | D:10     | Entered Level 10 of the Dungeon
 12076 | D:10     | Found Woinoduy's Book Emporium.
 12124 | D:10     | 12124 ||| INVOKING Heroism.
 12172 | D:10     | Reached XP level 14. HP: 127/127 MP: 20/20
 12237 | D:10     | 12237 ||| STAIRDANCE
 12373 | D:10     | Reached skill level 13 in Fighting
 12547 | D:10     | 12547 ||| DRINKING 2 coppery potions.
 12548 | D:10     | 12548 ||| READING 2 scrolls of identify.
 12548 | D:10     | 12548 ||| IDENTIFYING fizzy orange potion
 12549 | D:10     | 12549 ||| DROPPING potion of invisibility.
 12717 | D:11     | Found a staircase to the Orcish Mines.
 12912 | D:11     | Reached skill level 9 in Armour
 13257 | D:11     | 13257 ||| PLANNING D
 13280 | D:12     | 13280 ||| INVOKING Heroism.
 13521 | D:12     | 13521 ||| Stepping ~*~*~tactically~*~*~ (outnumbered).
 13523 | D:12     | 13523 ||| Stepping ~*~*~tactically~*~*~ (outnumbered).
 13524 | D:12     | 13524 ||| Stepping ~*~*~tactically~*~*~ (outnumbered).
 13608 | D:12     | 13608 ||| READING scroll of enchant armour.
 13608 | D:12     | 13608 ||| ENCHANTING +0 swamp dragon scales.
 13881 | D:12     | 13881 ||| UPGRADING to amulet of faith.
 13891 | D:12     | 13891 ||| DROPPING ring of see invisible.
 13892 | D:12     | 13892 ||| READING scroll labelled PINGAS BIDYDDA.
 13893 | D:12     | 13893 ||| DRINKING 2 bubbling purple potions.
 14019 | D:13     | Received a gift from Okawaru
 14101 | D:13     | Found a gate to the Vaults.
 14102 | D:13     | 14102 ||| INVOKING Heroism.
 14103 | D:13     | 14103 ||| INVOKING Finesse.
 14107 | D:13     | 14107 ||| Stepping ~*~*~tactically~*~*~ (outnumbered).
 14116 | D:13     | 14116 ||| Stepping ~*~*~tactically~*~*~ (outnumbered).
 14129 | D:13     | Reached skill level 14 in Fighting
 14164 | D:13     | Reached skill level 12 in Dodging
 14406 | D:13     | Noticed Erolcha
 14407 | D:13     | 14407 ||| INVOKING Heroism.
 14408 | D:13     | 14408 ||| INVOKING Finesse.
 14417 | Abyss:1  | Found a corrupted altar of Lugonu.
 14417 | Abyss:1  | Cast into level 1 of the Abyss (Erolcha)
 14422 | D:13     | Escaped the Abyss
 14428 | D:13     | 14428 ||| Stepping randomly (disturbance).
 14430 | D:13     | 14430 ||| Stepping randomly (disturbance).
 14431 | D:13     | 14431 ||| Stepping randomly (disturbance).
 14435 | D:13     | Killed Erolcha
 14555 | D:13     | 14555 ||| Stepping ~*~*~tactically~*~*~ (outnumbered).
 14556 | D:13     | 14556 ||| Stepping ~*~*~tactically~*~*~ (outnumbered).
 14578 | D:13     | Noticed an orc warlord
 14579 | D:13     | 14579 ||| FLEEEEING.
 14621 | D:13     | 14621 ||| INVOKING Heroism.
 14622 | D:13     | 14622 ||| INVOKING Finesse.
 14629 | D:13     | 14629 ||| Stepping ~*~*~tactically~*~*~ (outnumbered).
 14638 | D:13     | Killed an orc warlord
 14638 | D:13     | Received a gift from Okawaru
 14639 | D:13     | Reached skill level 15 in Fighting
 14678 | D:13     | 14678 ||| DROPPING +2 longbow of flaming.
 14713 | D:13     | Identified the +0 gold dragon scales of Tartarus {rPois rF+
                  | rC+ Int-5 Dex+6}
 14748 | D:13     | 14748 ||| INVOKING Heroism.
 14781 | D:13     | 14781 ||| Stepping randomly (disturbance).
 14783 | D:13     | 14783 ||| Stepping randomly (disturbance).
 14898 | D:13     | Identified the staff of Terror {rPois rF+ Will++ Dex-5
                  | Poison}
 14974 | D:13     | 14974 ||| INVOKING Heroism.
 15121 | D:13     | 15121 ||| DROPPING amulet of the acrobat.
 15122 | D:13     | 15122 ||| READING 2 scrolls of identify.
 15122 | D:13     | 15122 ||| IDENTIFYING dark potion
 15123 | D:13     | 15123 ||| DROPPING potion of degeneration.
 15226 | D:14     | Received a gift from Okawaru
 15304 | D:14     | 15304 ||| INVOKING Heroism.
 15329 | D:14     | Reached XP level 15. HP: 134/143 MP: 21/21
 15344 | D:14     | 15344 ||| FLEEEEING.
 15345 | D:14     | 15345 ||| FLEEEEING.
 15346 | D:14     | 15346 ||| FLEEEEING.
 15347 | D:14     | 15347 ||| FLEEEEING.
 15348 | D:14     | 15348 ||| FLEEEEING.
 15349 | D:14     | 15349 ||| FLEEEEING.
 15629 | D:14     | 15629 ||| INVOKING Heroism.
 15807 | D:15     | Entered Level 15 of the Dungeon
 15831 | D:15     | Found a staircase to the Depths.
 15836 | D:15     | 15836 ||| INVOKING Heroism.
 15899 | D:15     | Reached skill level 16 in Fighting
 16085 | D:15     | 16085 ||| READING scroll of enchant armour.
 16085 | D:15     | 16085 ||| ENCHANTING +1 swamp dragon scales.
 16123 | D:15     | Identified Roxanne's Discursus on Teratogeny
 16123 | D:15     | Noticed Roxanne
 16124 | D:15     | 16124 ||| INVOKING Heroism.
 16125 | D:15     | 16125 ||| INVOKING Finesse.
 16137 | D:15     | Killed Roxanne
 16186 | D:15     | 16186 ||| READING scroll of enchant armour.
 16186 | D:15     | 16186 ||| ENCHANTING +2 swamp dragon scales.
 16241 | D:15     | 16241 ||| FLEEEEING.
 16242 | D:15     | 16242 ||| FLEEEEING.
 16243 | D:15     | 16243 ||| FLEEEEING.
 16244 | D:15     | 16244 ||| FLEEEEING.
 16246 | D:15     | 16246 ||| FLEEEEING.
 16247 | D:15     | 16247 ||| FLEEEEING.
 16248 | D:15     | 16248 ||| FLEEEEING.
 16249 | D:15     | 16249 ||| FLEEEEING.
 16250 | D:15     | 16250 ||| FLEEEEING.
 16251 | D:15     | 16251 ||| FLEEEEING.
 16252 | D:15     | 16252 ||| FLEEEEING.
 16253 | D:15     | 16253 ||| FLEEEEING.
 16254 | D:15     | 16254 ||| FLEEEEING.
 16255 | D:15     | 16255 ||| FLEEEEING.
 16256 | D:15     | 16256 ||| FLEEEEING.
 16257 | D:15     | 16257 ||| FLEEEEING.
 16258 | D:15     | 16258 ||| FLEEEEING.
 16259 | D:15     | 16259 ||| FLEEEEING.
 16260 | D:15     | 16260 ||| FLEEEEING.
 16261 | D:15     | 16261 ||| FLEEEEING.
 16262 | D:15     | 16262 ||| FLEEEEING.
 16263 | D:15     | 16263 ||| FLEEEEING.
 16264 | D:15     | 16264 ||| FLEEEEING.
 16265 | D:15     | 16265 ||| FLEEEEING.
 16266 | D:15     | 16266 ||| FLEEEEING.
 16267 | D:15     | 16267 ||| FLEEEEING.
 16268 | D:15     | 16268 ||| FLEEEEING.
 16269 | D:15     | 16269 ||| FLEEEEING.
 16270 | D:15     | 16270 ||| FLEEEEING.
 16271 | D:15     | 16271 ||| FLEEEEING.
 16272 | D:15     | 16272 ||| FLEEEEING.
 16273 | D:15     | 16273 ||| FLEEEEING.
 16274 | D:15     | 16274 ||| FLEEEEING.
 16275 | D:15     | 16275 ||| FLEEEEING.
 16276 | D:15     | 16276 ||| FLEEEEING.
 16277 | D:15     | 16277 ||| FLEEEEING.
 16278 | D:15     | 16278 ||| FLEEEEING.
 16279 | D:15     | 16279 ||| FLEEEEING.
 16280 | D:15     | 16280 ||| FLEEEEING.
 16281 | D:15     | 16281 ||| FLEEEEING.
 16282 | D:15     | 16282 ||| FLEEEEING.
 16283 | D:15     | 16283 ||| FLEEEEING.
 16436 | D:15     | Found a white marble altar of Elyvilon.
 16469 | D:15     | 16469 ||| FLEEEEING.
 16470 | D:15     | 16470 ||| FLEEEEING.
 16472 | D:15     | 16472 ||| FLEEEEING.
 16473 | D:15     | 16473 ||| FLEEEEING.
 16474 | D:15     | 16474 ||| FLEEEEING.
 16475 | D:15     | 16475 ||| FLEEEEING.
 16483 | D:15     | 16483 ||| FLEEEEING.
 16484 | D:15     | 16484 ||| FLEEEEING.
 16502 | D:15     | 16502 ||| INVOKING Heroism.
 16870 | D:15     | Found Genuus's Weapon Boutique.
 16997 | D:15     | Identified the +1 pair of boots of the Bouncing Bounties
                  | {rF+ Will++} (Okawaru gifted it to you on level 15 of the
                  | Dungeon)
 16997 | D:15     | Received a gift from Okawaru
 17053 | D:15     | 17053 ||| FLEEEEING.
 17054 | D:15     | 17054 ||| FLEEEEING.
 17055 | D:15     | 17055 ||| FLEEEEING.
 17056 | D:15     | 17056 ||| FLEEEEING.
 17184 | D:15     | 17184 ||| PLANNING ORC
 17184 | D:15     | 17184 ||| DROPPING +0 troll leather armour.
 17185 | D:15     | 17185 ||| UPGRADING to +1 pair of boots of the Bouncing
                  | Bounties {rF+ Will++}.
 17195 | D:15     | 17195 ||| DRINKING 2 bubbling grey potions.
 17216 | D:15     | 17216 ||| DROPPING potion of lignification.
 17381 | Orc:1    | Entered Level 1 of the Orcish Mines
 17385 | Orc:1    | 17385 ||| INVOKING Heroism.
 17386 | Orc:1    | 17386 ||| INVOKING Finesse.
 17499 | Orc:2    | Entered Level 2 of the Orcish Mines
 17574 | Orc:2    | 17574 ||| Stepping ~*~*~tactically~*~*~ (outnumbered).
 17579 | Orc:2    | 17579 ||| INVOKING Heroism.
 17580 | Orc:2    | 17580 ||| Stepping ~*~*~tactically~*~*~ (outnumbered).
 17596 | Orc:2    | 17596 ||| Stepping ~*~*~tactically~*~*~ (outnumbered).
 17620 | Orc:2    | 17620 ||| Stepping ~*~*~tactically~*~*~ (outnumbered).
 17625 | Orc:2    | 17625 ||| Stepping ~*~*~tactically~*~*~ (outnumbered).
 17626 | Orc:2    | 17626 ||| Stepping ~*~*~tactically~*~*~ (outnumbered).
 17629 | Orc:2    | 17629 ||| Stepping ~*~*~tactically~*~*~ (outnumbered).
 17636 | Orc:2    | 17636 ||| INVOKING Heroism.
 17643 | Orc:2    | 17643 ||| Stepping ~*~*~tactically~*~*~ (outnumbered).
 17850 | Orc:2    | 17850 ||| Stepping ~*~*~tactically~*~*~ (outnumbered).
 17853 | Orc:2    | 17853 ||| Stepping ~*~*~tactically~*~*~ (outnumbered).
 17967 | Orc:2    | 17967 ||| Stepping ~*~*~tactically~*~*~ (outnumbered).
 17969 | Orc:2    | 17969 ||| Stepping ~*~*~tactically~*~*~ (outnumbered).
 18026 | Orc:2    | 18026 ||| INVOKING Heroism.
 18116 | Orc:2    | 18116 ||| INVOKING Heroism.
 18125 | Orc:2    | Reached skill level 17 in Fighting
 18136 | Orc:2    | Found a staircase to the Elven Halls.
 18191 | Orc:1    | 18191 ||| Stepping ~*~*~tactically~*~*~ (outnumbered).
 18195 | Orc:1    | 18195 ||| Stepping ~*~*~tactically~*~*~ (outnumbered).
 18196 | Orc:1    | 18196 ||| Stepping ~*~*~tactically~*~*~ (outnumbered).
 18199 | Orc:1    | 18199 ||| Stepping ~*~*~tactically~*~*~ (outnumbered).
 18202 | Orc:1    | 18202 ||| Stepping ~*~*~tactically~*~*~ (outnumbered).
 18315 | Orc:1    | 18315 ||| Stepping ~*~*~tactically~*~*~ (outnumbered).
 18316 | Orc:1    | 18316 ||| Stepping ~*~*~tactically~*~*~ (outnumbered).
 18318 | Orc:1    | 18318 ||| Stepping ~*~*~tactically~*~*~ (outnumbered).
 18321 | Orc:1    | 18321 ||| Stepping ~*~*~tactically~*~*~ (outnumbered).
 18642 | Orc:2    | 18642 ||| INVOKING Heroism.
 18735 | Orc:2    | Found Paoqogy's Antique Armour Shoppe.
 18735 | Orc:2    | Found Yngiph's Antique Weapon Shop.
 18737 | Orc:2    | Found Qoedel's Assorted Antiques.
 18739 | Orc:2    | Found Nainesch's Assorted Antiques.
 18743 | Orc:2    | 18743 ||| BUYING glowing leather armour (140 gold).
 18743 | Orc:2    | Bought a glowing leather armour for 140 gold pieces
 18746 | Orc:2    | 18746 ||| BUYING glowing ring mail (203 gold).
 18746 | Orc:2    | Bought a glowing ring mail for 203 gold pieces
 18746 | Orc:2    | 18746 ||| BUYING potion of mutation (232 gold).
 18746 | Orc:2    | Bought a potion of mutation for 232 gold pieces
 18751 | Orc:2    | 18751 ||| BUYING golden ring (130 gold).
 18751 | Orc:2    | Bought a golden ring for 130 gold pieces
 18751 | Orc:2    | 18751 ||| BUYING purple potion (23 gold).
 18751 | Orc:2    | Bought a purple potion for 23 gold pieces
 18924 | Orc:2    | 18924 ||| PLANNING SPIDER:1-3
 18924 | Orc:2    | 18924 ||| DROPPING +0 leather armour of cold resistance.
 18925 | Orc:2    | 18925 ||| DROPPING ring of magical power.
 18926 | Orc:2    | 18926 ||| READING 6 scrolls of identify.
 18926 | Orc:2    | 18926 ||| IDENTIFYING purple potion
 19169 | Spider:1 | Entered Level 1 of the Spider Nest
 19228 | Spider:1 | 19228 ||| INVOKING Heroism.
 19229 | Spider:1 | 19229 ||| Stepping ~*~*~tactically~*~*~ (outnumbered).
 19231 | Spider:1 | 19231 ||| Stepping ~*~*~tactically~*~*~ (outnumbered).
 19260 | Spider:1 | 19260 ||| DRINKING 5 potions of curing.
 19260 | Spider:1 | 19260 ||| (to cure confusion)
 19274 | Spider:1 | HP: 34/149 [redback (12)]
 19275 | Spider:1 | 19275 ||| READING 11 scrolls of teleportation.
 19276 | Spider:1 | 19276 ||| DRINKING 2 potions of heal wounds.
 19277 | Spider:1 | 19277 ||| DRINKING potion of heal wounds.
 19524 | Spider:1 | 19524 ||| INVOKING Heroism.
 19537 | Spider:1 | Reached skill level 18 in Fighting
 19575 | Spider:1 | 19575 ||| Stepping ~*~*~tactically~*~*~ (outnumbered).
 19661 | Spider:1 | 19661 ||| INVOKING Heroism.
 19911 | Spider:1 | Noticed Agnes
 19912 | Spider:1 | 19912 ||| INVOKING Heroism.
 19916 | Spider:1 | Killed Agnes
 19917 | Spider:1 | Reached XP level 16. HP: 157/157 MP: 19/22
 19984 | Spider:1 | 19984 ||| FLEEEEING.
 19988 | Spider:1 | 19988 ||| FLEEEEING.
 19989 | Spider:1 | 19989 ||| FLEEEEING.
 19990 | Spider:1 | 19990 ||| FLEEEEING.
 19991 | Spider:1 | 19991 ||| FLEEEEING.
 19992 | Spider:1 | 19992 ||| FLEEEEING.
 19993 | Spider:1 | 19993 ||| FLEEEEING.
 19994 | Spider:1 | 19994 ||| FLEEEEING.
 19995 | Spider:1 | 19995 ||| FLEEEEING.
 19996 | Spider:1 | 19996 ||| FLEEEEING.
 19997 | Spider:1 | 19997 ||| FLEEEEING.
 19998 | Spider:1 | 19998 ||| FLEEEEING.
 19999 | Spider:1 | 19999 ||| FLEEEEING.
 20000 | Spider:1 | 20000 ||| FLEEEEING.
 20001 | Spider:1 | 20001 ||| FLEEEEING.
 20002 | Spider:1 | 20002 ||| FLEEEEING.
 20003 | Spider:1 | 20003 ||| FLEEEEING.
 20004 | Spider:1 | 20004 ||| FLEEEEING.
 20005 | Spider:1 | 20005 ||| FLEEEEING.
 20006 | Spider:1 | 20006 ||| FLEEEEING.
 20007 | Spider:1 | 20007 ||| FLEEEEING.
 20008 | Spider:1 | 20008 ||| FLEEEEING.
 20009 | Spider:1 | 20009 ||| FLEEEEING.
 20010 | Spider:1 | 20010 ||| FLEEEEING.
 20011 | Spider:1 | 20011 ||| FLEEEEING.
 20013 | Spider:1 | 20013 ||| FLEEEEING.
 20014 | Spider:1 | 20014 ||| FLEEEEING.
 20015 | Spider:1 | 20015 ||| FLEEEEING.
 20016 | Spider:1 | 20016 ||| FLEEEEING.
 20017 | Spider:1 | 20017 ||| FLEEEEING.
 20018 | Spider:1 | 20018 ||| FLEEEEING.
 20169 | Spider:1 | Reached skill level 15 in Dodging
 20437 | Spider:1 | 20437 ||| FLEEEEING.
 20439 | Spider:1 | 20439 ||| FLEEEEING.
 20440 | Spider:1 | 20440 ||| FLEEEEING.
 20441 | Spider:1 | 20441 ||| FLEEEEING.
 20442 | Spider:1 | 20442 ||| FLEEEEING.
 20443 | Spider:1 | 20443 ||| FLEEEEING.
 20444 | Spider:1 | 20444 ||| FLEEEEING.
 20445 | Spider:1 | 20445 ||| FLEEEEING.
 20446 | Spider:1 | 20446 ||| FLEEEEING.
 20447 | Spider:1 | 20447 ||| FLEEEEING.
 20448 | Spider:1 | 20448 ||| FLEEEEING.
 20449 | Spider:1 | 20449 ||| FLEEEEING.
 20450 | Spider:1 | 20450 ||| FLEEEEING.
 20564 | Spider:1 | 20564 ||| INVOKING Heroism.
 20572 | Spider:1 | Received a gift from Okawaru
 20720 | Spider:2 | 20720 ||| INVOKING Heroism.
 20784 | Spider:2 | 20784 ||| INVOKING Heroism.
 20856 | Spider:2 | Reached skill level 12 in Armour
 20896 | Spider:2 | Received a gift from Okawaru
 21135 | Spider:2 | 21135 ||| INVOKING Finesse.
 21136 | Spider:2 | 21136 ||| INVOKING Finesse.
 21354 | Spider:2 | 21354 ||| INVOKING Heroism.
 21910 | Spider:3 | 21910 ||| INVOKING Finesse.
 21911 | Spider:3 | 21911 ||| INVOKING Finesse.
 21980 | Spider:3 | 21980 ||| FLEEEEING.
 21981 | Spider:3 | 21981 ||| FLEEEEING.
 21982 | Spider:3 | 21982 ||| FLEEEEING.
 21984 | Spider:3 | 21984 ||| STAIRDANCE
 22150 | Spider:3 | Identified the scarf of Youthful Indiscretion {harm, rPois
                  | Will+ Dex+4} (Okawaru gifted it to you on level 3 of the
                  | Spider Nest)
 22150 | Spider:3 | Received a gift from Okawaru
 22200 | Spider:3 | Reached skill level 19 in Fighting
 22218 | Spider:3 | Identified the +7 quarterstaff "Reataof" {heavy, +Blink
                  | rC+}
 22282 | Spider:3 | 22282 ||| INVOKING Heroism.
 22430 | Spider:3 | 22430 ||| FLEEEEING.
 22432 | Spider:3 | 22432 ||| FLEEEEING.
 22433 | Spider:3 | 22433 ||| FLEEEEING.
 22434 | Spider:3 | 22434 ||| STAIRDANCE
 22436 | Spider:2 | 22436 ||| DROPPING ring of protection from cold.
 22439 | Spider:3 | 22439 ||| STAIRDANCE
 23025 | Spider:3 | 23025 ||| PLANNING SHOALS:1-3
 23114 | Shoals:1 | Entered Level 1 of the Shoals
 23166 | Shoals:1 | 23166 ||| INVOKING Heroism.
 23167 | Shoals:1 | 23167 ||| INVOKING Finesse.
 23263 | Shoals:1 | 23263 ||| Stepping ~*~*~tactically~*~*~ (water).
 23270 | Shoals:1 | 23270 ||| Stepping ~*~*~tactically~*~*~ (water).
 23287 | Shoals:1 | Noticed Donald
 23288 | Shoals:1 | 23288 ||| INVOKING Heroism.
 23289 | Shoals:1 | 23289 ||| Stepping ~*~*~tactically~*~*~ (water).
 23290 | Shoals:1 | 23290 ||| INVOKING Finesse.
 23299 | Shoals:1 | Killed Donald
 23373 | Shoals:1 | 23373 ||| Stepping ~*~*~tactically~*~*~ (water).
 23441 | Shoals:1 | 23441 ||| Stepping ~*~*~tactically~*~*~ (water).
 23452 | Shoals:1 | 23452 ||| READING scroll of acquirement.
 23452 | Shoals:1 | 23452 ||| ACQUIRING ring of Hiripsel {rElec rF+ rN+ Int+6}
 23452 | Shoals:1 | Acquired the ring of Hiripsel {rElec rF+ rN+ Int+6}
 23527 | Shoals:1 | Noticed a kraken
 23530 | Shoals:1 | 23530 ||| Stepping ~*~*~tactically~*~*~ (water).
 23537 | Shoals:1 | 23537 ||| Stepping ~*~*~tactically~*~*~ (water).
 23542 | Shoals:1 | 23542 ||| INVOKING Heroism.
 23547 | Shoals:1 | 23547 ||| Stepping ~*~*~tactically~*~*~ (water).
 23562 | Shoals:1 | Killed a kraken
 23762 | Shoals:1 | 23762 ||| INVOKING Heroism.
 24134 | Shoals:2 | 24134 ||| INVOKING Heroism.
 24290 | Shoals:2 | 24290 ||| INVOKING Heroism.
 24295 | Shoals:2 | 24295 ||| Stepping ~*~*~tactically~*~*~ (water).
 24296 | Shoals:2 | 24296 ||| Stepping ~*~*~tactically~*~*~ (water).
 24298 | Shoals:2 | 24298 ||| Stepping ~*~*~tactically~*~*~ (water).
 24299 | Shoals:2 | 24299 ||| Stepping ~*~*~tactically~*~*~ (water).
 24300 | Shoals:2 | 24300 ||| Stepping ~*~*~tactically~*~*~ (water).
 24301 | Shoals:2 | 24301 ||| Stepping ~*~*~tactically~*~*~ (water).
 24303 | Shoals:2 | Reached XP level 17. HP: 118/168 MP: 23/23
 24533 | Shoals:2 | You fall into a shaft and drop 1 floor!
 24584 | Shoals:3 | Noticed Kirke
 24597 | Shoals:3 | Killed Kirke
 24597 | Shoals:3 | Received a gift from Okawaru
 24598 | Shoals:3 | Reached skill level 20 in Fighting
 24637 | Shoals:3 | 24637 ||| INVOKING Heroism.
 24638 | Shoals:3 | 24638 ||| INVOKING Finesse.
 24685 | Shoals:3 | 24685 ||| Stepping ~*~*~tactically~*~*~ (water).
 24690 | Shoals:3 | Noticed Ilsuiw
 24690 | Shoals:3 | 24690 ||| INVOKING Finesse.
 24717 | Shoals:3 | 24717 ||| INVOKING Heroism.
 24772 | Shoals:3 | Noticed Polyphemus
 24777 | Shoals:3 | 24777 ||| INVOKING Heroism.
 24781 | Shoals:3 | Killed Polyphemus
 24782 | Shoals:3 | Killed Ilsuiw
 24783 | Shoals:3 | Reached skill level 18 in Dodging
 24787 | Shoals:3 | Noticed Mara
 24788 | Shoals:3 | 24788 ||| INVOKING Finesse.
 24797 | Shoals:3 | Killed Mara
 25053 | Shoals:3 | 25053 ||| DROPPING +1 robe of resistance.
 25054 | Shoals:3 | 25054 ||| DROPPING +0 ring mail of fire resistance.
 25104 | Shoals:2 | 25104 ||| Stepping ~*~*~tactically~*~*~ (water).
 25121 | Shoals:2 | 25121 ||| INVOKING Heroism.
 25376 | Shoals:2 | 25376 ||| Stepping ~*~*~tactically~*~*~ (water).
 25377 | Shoals:2 | 25377 ||| Stepping ~*~*~tactically~*~*~ (water).
 25476 | Shoals:3 | 25476 ||| INVOKING Heroism.
 25478 | Shoals:3 | 25478 ||| Stepping ~*~*~tactically~*~*~ (water).
 25479 | Shoals:3 | 25479 ||| Stepping ~*~*~tactically~*~*~ (water).
 25480 | Shoals:3 | 25480 ||| Stepping ~*~*~tactically~*~*~ (water).
 25481 | Shoals:3 | 25481 ||| Stepping ~*~*~tactically~*~*~ (water).
 25482 | Shoals:3 | 25482 ||| Stepping ~*~*~tactically~*~*~ (water).
 25483 | Shoals:3 | 25483 ||| Stepping ~*~*~tactically~*~*~ (water).
 25484 | Shoals:3 | 25484 ||| Stepping ~*~*~tactically~*~*~ (water).
 25489 | Shoals:3 | Received a gift from Okawaru
 25491 | Shoals:3 | 25491 ||| Stepping ~*~*~tactically~*~*~ (water).
 25492 | Shoals:3 | 25492 ||| Stepping ~*~*~tactically~*~*~ (water).
 25816 | Shoals:3 | 25816 ||| Stepping ~*~*~tactically~*~*~ (water).
 25834 | Shoals:3 | 25834 ||| Stepping ~*~*~tactically~*~*~ (water).
 26070 | Shoals:3 | 26070 ||| PLANNING SPIDER:4
 26203 | Spider:4 | Entered Level 4 of the Spider Nest
 26216 | Spider:4 | 26216 ||| STAIRDANCE
 26274 | Spider:4 | 26274 ||| INVOKING Heroism.
 26282 | Spider:4 | 26282 ||| INVOKING Finesse.
 26283 | Spider:4 | 26283 ||| INVOKING Finesse.
 26283 | Spider:4 | Paralysed by a jorogumo for 2 turns
 26285 | Spider:4 | 26285 ||| STAIRDANCE
 26289 | Spider:3 | HP: 13/160 [jorogumo/bolt of negative energy (43)]
 26290 | Spider:3 | 26290 ||| READING 12 scrolls of teleportation.
 26291 | Spider:3 | 26291 ||| DRINKING 2 potions of heal wounds.
 26292 | Spider:3 | 26292 ||| READING 11 scrolls of teleportation.
 26293 | Spider:3 | 26293 ||| DRINKING potion of heal wounds.
 26549 | Spider:3 | 26549 ||| INVOKING Heroism.
 26570 | Spider:4 | 26570 ||| STAIRDANCE
 26659 | Spider:4 | 26659 ||| INVOKING Heroism.
 26666 | Spider:4 | 26666 ||| Stepping ~*~*~tactically~*~*~ (outnumbered).
 26697 | Spider:4 | 26697 ||| FLEEEEING.
 26698 | Spider:4 | 26698 ||| FLEEEEING.
 26699 | Spider:4 | 26699 ||| STAIRDANCE
 27025 | Spider:4 | 27025 ||| Stepping ~*~*~tactically~*~*~ (outnumbered).
 27028 | Spider:4 | Reached skill level 21 in Fighting
 27051 | Spider:4 | 27051 ||| INVOKING Heroism.
 27076 | Spider:4 | 27076 ||| INVOKING Finesse.
 27084 | Spider:4 | HP: 28/173 [wolf spider (25)]
 27085 | Spider:4 | 27085 ||| READING 10 scrolls of teleportation.
 27091 | Spider:4 | HP: 5/173 [meliai/divine providence (13)]
 27093 | Spider:4 | Slain by a culicivora

Levels and vault maps discovered:
D:1:      dpeg_arrival_caged_fury, layout_loops_ring,
          dreamdust_ecumenical_altar_statues
D:2:      layout_rooms, uniq_terence
D:3:      layout_loops_corners, mainiacjoe_overflow_small_starburst,
          nicolae_wu_jian_wuxing_cycle, serial_shops,
          nicolae_shop_rolling_square
D:4:      layout_loops_ring, serial_shops, shop, kennysheep_decorative_pillar,
          hangedman_decor_lopped
D:5:      layout_basic, led_sif_pool, nicolae_titane, uniq_sigmund,
          uniq_crazy_yiuf_cottage
D:6:      kennysheep_big_flooded_room, layout_basic,
          kennysheep_opposing_triangles
D:7:      layout_loops_ring, minmay_temple_entry_from_below_a, serial_shops,
          shop, uniq_prince_ribbit1
D:8:      layout_rooms, erik_lair_dragon, uniq_pikel, uniq_maurice
D:9:      layout_stronghold, kennysheep_mini_moat
D:10:     layout_roguey, serial_shops, nicolae_shop_waterfront
D:11:     layout_irregular_city, zombieorc2_lemuel
D:12:     layout_loops_ring, minmay_starry_boxes
D:13:     minmay_the_grid_3x2 [minmay_the_grid_odd_star,
          minmay_the_grid_outer_diamond, minmay_the_grid_armoury,
          minmay_the_grid_minigrid_medium, minmay_the_grid_minigrid_small,
          minmay_the_grid_prize_diamond_cup], layout_basic,
          lightli_vaults_fourway_checkpoint, minmay_misc_feat_cross,
          uniq_erolcha
D:14:     layout_loops_cross, serial_park_paths [serial_park_minivault_5x5_6]
D:15:     gammafunk_depths_entry_grave, layout_stronghold, serial_shops,
          shop_statue, elyvilon_altar_5, uniq_roxanne
Lair:1:   layout_regular_city, ebering_ghost_xom, serial_forest,
          infiniplex_forest_straight_4, infiniplex_forest_clump_medium,
          infiniplex_forest_end_double, infiniplex_forest_lined_2,
          infiniplex_forest_straight_5, infiniplex_forest_lined_corner,
          infiniplex_forest_clump_curved, uniq_maggie
Lair:2:   layout_big_grid, nicolae_spider_entry_non_spiders,
          serial_bayou_shore_a, serial_bayou_shore_b, lemuel_fruit_tree,
          uniq_amaemon
Lair:3:   layout_long_grid, nicolae_shoals_entry_roost, basic_altar
Lair:4:   layout_loops_ring, gauntlet_entry_generic, uniq_urug
Lair:5:   cheibrodos_lair_end_hotspot, layout_long_grid,
          minmay_slime_entry_oklob_enclosed, chequers_serial_rivers_small_b,
          nicolae_quartered_pool_super
Shoals:1: layout_shoals, uniq_donald
Shoals:2: layout_shoals
Shoals:3: layout_shoals, uniq_polyphemus, uniq_mara, uniq_ilsuiw, uniq_kirke
Spider:1: layout_cave_pods, uniq_agnes
Spider:2: layout_spider_delve
Spider:3: layout_spider_delve, hive_lemuel
Spider:4: hellmonk_spider_rune_bug_friends, uniq_aizul
Orc:1:    layout_diamond_mine
Orc:2:    st_orc_rangers, layout_caves, basic_altar, lightli_orcish_oven

Skill      XL: |  1  2  3  4  5  6  7  8  9 10 11 12 13 14 15 16 17 |
---------------+----------------------------------------------------+-----
Ranged Weapons | 3 4 5 6 7 8 9 12 13 14 16 18 | 18.0
Fighting       | 2 4 5 7 9 10 12 15 18 19 21 | 21.0
Armour         | 1 4 5 6 7 8 10 11 13 14 | 14.0
Dodging        | 3 4 5 7 9 10 12 14 17 18 | 18.3
Invocations    | 2 4 8 10 | 10.0
Spellcasting   | |  1.0
Hexes          | |  2.0

Action                     |  1- 3 |  4- 6 |  7- 9 | 10-12 | 13-15 | 16-18 || total
---------------------------+-------+-------+-------+-------+-------+-------++-------
   Fire: Sling             |    71 |       |       |       |       |       ||    71
         Hand crossbow     |    11 |    84 |   157 |   395 |  1272 |   967 ||  2886
 Invoke: Heroism           |       |       |    11 |    23 |    29 |    20 ||    83
         Finesse           |       |       |       |       |     8 |     9 ||    17
    Use: Scroll            |     4 |     8 |     3 |     6 |    12 |     4 ||    37
         Potion            |       |       |     1 |     2 |     8 |     2 ||    13
 Armour: Robe              |    10 |       |       |       |       |       ||    10
         Ring mail         |       |     3 |     5 |     9 |       |       ||    17
         Swamp dragon scal |       |       |       |    46 |    88 |   140 ||   274
  Dodge: Dodged            |    25 |    10 |    26 |   180 |   456 |   947 ||  1644

Table legend:
 A = Non-vault XP
 B = Vault XP
 C = Vault XP percentage of total XP
 D = Non-vault monster count
 E = Vault monster count
 F = Vault count percentage of total count
                 A         B        C        D         E       F
            +---------+---------+-------+---------+---------+-------
      Total |  209450 |   68048 |  24.5 |     750 |     215 |  22.3
            +---------+---------+-------+---------+---------+-------
        D:1 |      52 |       0 |   0.0 |      28 |       0 |   0.0
        D:2 |      18 |      36 |  66.7 |       9 |       1 |  10.0
        D:3 |     213 |       0 |   0.0 |      15 |       0 |   0.0
        D:4 |     346 |       0 |   0.0 |      28 |       0 |   0.0
        D:5 |     385 |     231 |  37.5 |      10 |       1 |   9.1
        D:6 |    1687 |     704 |  29.4 |      23 |       6 |  20.7
        D:7 |    1485 |     259 |  14.9 |      24 |       1 |   4.0
        D:8 |    1945 |    2665 |  57.8 |      27 |       9 |  25.0
        D:9 |    1502 |       0 |   0.0 |      14 |       0 |   0.0
       D:10 |    2235 |       0 |   0.0 |      10 |       0 |   0.0
       D:11 |    2315 |     903 |  28.1 |      11 |      36 |  76.6
       D:12 |    2729 |    1788 |  39.6 |       6 |       4 |  40.0
       D:13 |    6430 |   18794 |  74.5 |      17 |      45 |  72.6
       D:14 |    8634 |       0 |   0.0 |      14 |       0 |   0.0
       D:15 |    7770 |    6810 |  46.7 |      13 |       9 |  40.9
     Lair:1 |    5082 |     409 |   7.4 |      23 |       1 |   4.2
     Lair:2 |    2826 |    1951 |  40.8 |      19 |      10 |  34.5
     Lair:3 |    9993 |    1892 |  15.9 |      32 |       3 |   8.6
     Lair:4 |   11411 |     790 |   6.5 |      31 |       1 |   3.1
     Lair:5 |    9407 |    9068 |  49.1 |      31 |      27 |  46.6
   Shoals:1 |   12705 |    1334 |   9.5 |      25 |       1 |   3.8
   Shoals:2 |   14992 |       0 |   0.0 |      28 |       0 |   0.0
   Shoals:3 |   18187 |   13771 |  43.1 |      39 |      14 |  26.4
   Spider:1 |   20324 |    1364 |   6.3 |      47 |       1 |   2.1
   Spider:2 |   18676 |       0 |   0.0 |      40 |       0 |   0.0
   Spider:3 |   21660 |       0 |   0.0 |      48 |       0 |   0.0
   Spider:4 |   16295 |       0 |   0.0 |      37 |       0 |   0.0
      Orc:1 |    5104 |       0 |   0.0 |      46 |       0 |   0.0
      Orc:2 |    5042 |    5279 |  51.1 |      55 |      45 |  45.0
            +---------+---------+-------+---------+---------+-------
